 Dungeon Crawl Stone Soup version 0.22.1-1-ga44c0e5 (webtiles) character file.

32 CowFu the Ruffian (level 3, -2/31 HPs)
             Began as a Ghoul Monk on Nov 3, 2018.
             Shot with an arrow by a centaur (3 damage)
             ... on level 2 of the Dungeon.
             The game lasted 00:00:44 (858 turns).

CowFu the Ruffian (Ghoul Monk)                       Turns: 858, Time: 00:00:45

Health: -2/31      AC:  2    Str: 15    XL:     3   Next: 27%
Magic:  2/2        EV: 12    Int:  5    God:
Gold:   124        SH:  0    Dex: 11    Spells: 2/2 levels left

rFire    . . .     SeeInvis .     - Unarmed
rCold    + . .     Gourm    .   (no shield)
rNeg     + + +     Faith    .   a - +0 robe
rPois    ∞         Spirit   .   (no helmet)
rElec    .         Reflect  .   (no cloak)
rCorr    .         Harm     .   (no gloves)
MR       .....                  (no boots)
Stlth    ++........             (no amulet)
HPRegen  0.00/turn              (no ring)
MPRegen  0.08/turn              (no ring)

@: rotting
A: rotting body, claws 1, carnivore, cold resistance 1, negative energy
resistance 3, inhibited regeneration, torment resistance, unbreathing
a: no special abilities


You were on level 2 of the Dungeon.
You were not hungry.

You visited 1 branch of the dungeon, and saw 2 of its levels.

You collected 124 gold pieces.

Inventory:

Armour
 a - a +0 robe (worn)
Scrolls
 c - a scroll of magic mapping {unknown}
 f - a scroll of random uselessness {unknown}
 h - a scroll of enchant armour {unknown}
 i - a scroll of fear {unknown}
 j - a scroll of immolation {unknown}
Potions
 d - a potion of degeneration {unknown}
 e - a potion of agility {unknown}
 g - a potion of heal wounds {unknown}
Comestibles
 b - 4 rations


   Skills:
 - Level 3.2 Fighting
 - Level 2.6 Dodging
 - Level 2.1 Stealth
 + Level 4.7 Unarmed Combat


You had 2 spell levels left.
You didn't know any spells.
Your spell library was empty.

Dungeon Overview and Level Annotations

Branches:
Dungeon (2/15)

Altars:


Innate Abilities, Weirdness & Mutations

Your body is rotting away.
You thrive on raw meat.
You are immune to poison.
You have sharp fingernails.
You are carnivorous and can eat meat at any time.
Your flesh is cold resistant. (rC+)
You are immune to negative energy. (rN+++)
You do not regenerate when monsters are visible.
You are immune to unholy pain and torment.
You can survive without breathing.


Message History

A kobold comes into view. It is wielding a dagger.
A centaur comes into view.
The kobold shouts!
The centaur shouts!
The centaur wields a shortbow.
The centaur shoots an arrow.
The arrow hits you!
The kobold throws a stone.
The stone misses you.
Found 22 arrows.
You see here an arrow.
There are monsters nearby!
You are too injured to fight recklessly!
There are monsters nearby!
You are too injured to fight recklessly!
There are monsters nearby!
The kobold throws a stone.
The stone hits you but does no damage.
You see here a stone.
The kobold throws a stone.
The stone closely misses you.
The centaur shoots an arrow.
The arrow hits you!
* * * LOW HITPOINT WARNING * * *
You see here an arrow.
The centaur shoots an arrow.
The arrow hits you.
You die...

#........# #........#
#........# #........# ..
#####c.....K.####
.......######c.....#
...###......(...##.#
..>.............#
........@(.(....#
.......#..#######
.......#..##
#.........#####
#######.#......
....#####...##....######
......##......†#.......
#.....#.....##†..######
#.....#.........†#....#


You could see a centaur and a kobold.

Vanquished Creatures
  An ooze (D:1)
  A leopard gecko (D:1)
  A ball python (D:2)
  A giant cockroach (D:1)
  2 goblins
  7 hobgoblins
  7 kobolds (D:1)
  2 bats (D:1)
  2 rats
24 creatures vanquished.

Notes
Turn   | Place    | Note
-------+----------+-------------------------------------------
     0 | D:1      | CowFu the Ghoul Monk began the quest for the Orb.
     0 | D:1      | Reached XP level 1. HP: 19/19 MP: 0/0
   148 | D:1      | Reached skill level 4 in Unarmed Combat
   148 | D:1      | Reached XP level 2. HP: 22/26 MP: 1/1
   610 | D:1      | Reached XP level 3. HP: 29/30 MP: 2/2
   853 | D:2      | Noticed a centaur
   857 | D:2      | HP: 1/31 [centaur/arrow (11)]
   858 | D:2      | Shot with an arrow by a centaur

Skill      XL: |  1 |
---------------+----+-----
Unarmed Combat | 4 |  4.7
Fighting       | |  3.2
Dodging        | |  2.6
Stealth        | |  2.1

Action                   || total
-------------------------++-------
Melee: Unarmed           ||    60
 Stab: Sleeping          ||     2
  Eat: Chunk             ||     3
Armor: Robe              ||     9
Dodge: Dodged            ||    32
